 Dungeon Crawl Stone Soup version 0.27-a0-1140-g099f9bb0e8 (webtiles) character file.

Game seed: 5741509813870368415

3794 leviel the Severer (level 9, 0/63 (71) HPs)
             Began as a Minotaur Fighter on May 8, 2021.
             Was a Priest of Okawaru.
             Slain by a bullfrog (3 damage)
             ... on level 8 of the Dungeon.
             The game lasted 00:08:26 (7900 turns).

leviel the Severer (Minotaur Fighter)               Turns: 7900, Time: 00:08:26

HP:   0/63 (71)     AC: 13    Str: 25    XL:     9   Next: 96%
MP:   8/8           EV:  4    Int:  5    God:    Okawaru [***...]
Gold: 371           SH:  9    Dex:  9    Spells: 8/8 levels left

rFire    . . .     SeeInvis .   a - +2 war axe (venom)
rCold    . . .     Faith    .   c - +0 kite shield
rNeg     . . .     Spirit   .   r - +1 plate armour
rPois    .         Reflect  .   (helmet restricted)
rElec    .         Harm     .   w - +0 cloak
rCorr    .         Rampage  .   (no gloves)
Will     .....                  (no boots)
Stlth    ..........             (no amulet)
HPRegen  0.20/turn              (no ring)
MPRegen  0.11/turn              (no ring)

@: heavily drained
A: horns 2, retaliatory headbutt
a: Renounce Religion, Heroism


You were on level 8 of the Dungeon.
You worshipped Okawaru.
Okawaru was most pleased with you.
You visited 2 branches of the dungeon, and saw 9 of its levels.

You collected 371 gold pieces.

Inventory:

Hand Weapons
 a - a +2 war axe of venom (weapon)
Missiles
 h - 14 boomerangs of dispersal (quivered)
 t - 9 atropa-tipped darts
 v - 4 javelins
Armour
 c - a +0 kite shield (worn)
 r - a +1 plate armour (worn)
 w - a +0 cloak (worn)
Jewellery
 k - a ring of ice
 l - a +4 ring of evasion
Wands
 d - a wand of paralysis (6)
Scrolls
 n - a scroll of amnesia
 q - 4 scrolls of identify
Potions
 b - a potion of magic {unknown}
 e - a potion of degeneration {unknown}
 f - a potion of mutation {unknown}
 g - 3 potions of curing
 i - 2 potions of heal wounds {unknown}
 j - 3 potions of brilliance
 m - a potion of lignification
 o - 2 potions of flight {unknown}
 p - a potion of berserk rage


   Skills:
 + Level 4.1 Fighting
 - Level 16.0 Axes
 - Level 3.6 Armour
 - Level 3.6 Shields


You had 8 spell levels left.
You didn't know any spells.
Your spell library contained the following spells:

 Spells                   Type           Power      Damage    Failure   Level
 Beastly Appendage        Tmut           0%         N/A       100%        1
 Corona                   Hex            0%         N/A       100%        1
 Magic Dart               Conj           0%         1d3       100%        1
 Blink                    Tloc           N/A        N/A       100%        2
 Call Imp                 Summ           0%         N/A       100%        2
 Slow                     Hex            0%         N/A       100%        2
 Wereblood                Tmut           0%         N/A       100%        2
 Conjure Flame            Conj/Fire      0%         6-21      100%        3
 Inner Flame              Hex/Fire       0%         N/A       100%        3
 Mephitic Cloud           Conj/Pois/Air  0%         N/A       100%        3
 Portal Projectile        Hex/Tloc       0%         N/A       100%        3
 Spider Form              Tmut/Pois      0%         N/A       100%        3
 Cause Fear               Hex            0%         N/A       100%        4
 Ice Form                 Ice/Tmut       0%         N/A       100%        4
 Leda's Liquefaction      Hex/Erth       0%         N/A       100%        4
 Hydra Form               Tmut           0%         N/A       100%        5


Dungeon Overview and Level Annotations

Branches:
Dungeon (8/15)             Temple (1/1) D:6
   Lair: D:8-11

Altars:
Ashenzari
Cheibriados
Dithmenos
Elyvilon
Gozag
Kikubaaqudgha
Makhleb
Nemelex Xobeh
Okawaru
Qazlal
Ru
Sif Muna
Trog
Vehumet
Wu Jian
Xom
Yredelemnul
Zin
The Shining One

Shops:
D:2 [

Annotations:
D:4 3 runed translucent doors, IdlyInterested's ghost, amateur DsGl


Innate Abilities, Weirdness & Mutations

You have a pair of horns on your head.
You reflexively headbutt those who attack you in melee.


Message History

The orc warrior hits you but does no damage.
The wight hits you with a +1 trident!
* * * LOW HITPOINT WARNING * * *
You feel drained.
* * * LOW HITPOINT WARNING * * *
Something hits you.
* * * LOW HITPOINT WARNING * * *
Items here: ( )))) [[[.
The wight hits you from afar with a +1 trident.
* * * LOW HITPOINT WARNING * * *
You feel drained.
Items here: ) [ ††.
As you read the scroll of fear, it crumbles to dust.
You assume a fearsome visage.
The wight is unaffected. x2
The orc warrior looks frightened!
The orc looks frightened!
The wight hits you from afar with a +1 trident.
* * * LOW HITPOINT WARNING * * *
You feel drained.
* * * LOW HITPOINT WARNING * * *
Okay, then.
You block the wight's attack.
Found a stone staircase leading down.
A wight comes into view. It is wielding a +5 falchion.
Okay, then.
You feel better. The wight hits you but does no damage.
A wight comes into view. It is wielding a +2 falchion.
A wight comes into view. It is wielding a +0 great sword.
You block the wight's attack. The wight hits you with a +5 falchion!
* * * LOW HITPOINT WARNING * * *
A bullfrog comes into view.
You block the wight's attack.
The bullfrog gives a loud, deep croak!
The bullfrog hits you.
* * * LOW HITPOINT WARNING * * *
The bullfrog hits you but does no damage.
The bullfrog hits you.
* * * LOW HITPOINT WARNING * * *
The bullfrog hits you.
You die...

#..........o.
.###......#.###
......#..#.# ###
##..##..#.# ...
#........# #.#
##.....### #.#
###...## ###.#
##.....## #..@##
##..z....##
#.#F.####.........##
#....z..............
#..z.####...........
#...## #z########.#
#..#### #.# ....
#.....# #z# ♣♣♣.♣
#.###z###.# .≈.
#......z..# ♣.♣


You could see a bullfrog and 2 wights.

Vanquished Creatures
  Pikel (D:8)
  Psyche (D:8)
  A slime creature (D:8)
  A yak (D:8)
  Edmund (D:5)
  An ice beast (D:6)
  2 black bears
  2 sky beasts
  A necrophage (D:7)
  2 ogres
  2 centaurs
  2 lemures (D:8)
  A phantom (D:7)
  A kobold brigand (D:6)
  2 bullfrogs (D:8)
  A wyvern zombie (D:7)
  3 killer bees (D:5)
  7 wights (D:8)
  4 howler monkeys
  2 centaur zombies
  2 centaur skeletons (D:6)
  3 hounds (D:6)
  2 orc priests
  2 jellies
  5 iguanas
  Natasha (thrice) (D:2)
  5 orc wizards
  A hound skeleton (D:4)
  A howler monkey zombie (D:5)
  3 gnolls (D:2)
  4 adders
  A shadow imp (D:7)
  3 white imps
  2 ufetubi
  2 worms (D:3)
  A dart slug (D:5)
  29 orcs
  2 ball pythons (D:2)
  2 endoplasms
  4 giant cockroaches
  2 goblins
  7 hobgoblins
  3 jackals (D:2)
  3 quokkas
  4 bats
  3 frilled lizards
  9 kobolds
  A rat (D:2)
147 creatures vanquished.

Vanquished Creatures (others)
  24 plants
24 creatures vanquished.

Grand Total: 171 creatures vanquished

Notes
Turn   | Place    | Note
-------+----------+-------------------------------------------
     0 | D:1      | leviel the Minotaur Fighter began the quest for the Orb.
     0 | D:1      | Reached XP level 1. HP: 19/19 MP: 0/0
   184 | D:1      | Reached skill level 3 in Axes
   239 | D:1      | Reached XP level 2. HP: 24/26 MP: 1/1
   518 | D:1      | Found a faded altar of an unknown god.
  1070 | D:2      | Reached skill level 4 in Axes
  1070 | D:2      | Reached XP level 3. HP: 31/31 MP: 2/2
  1198 | D:2      | Reached skill level 5 in Axes
  1431 | D:2      | Reached XP level 4. HP: 39/39 MP: 3/3
  1431 | D:2      | Noticed Natasha
  1436 | D:2      | Killed Natasha
  1550 | D:2      | Noticed Natasha
  1557 | D:2      | Killed Natasha
  1558 | D:2      | Reached skill level 6 in Axes
  1674 | D:2      | Found Rofoc's Armour Shop.
  1681 | D:2      | Noticed Natasha
  1694 | D:2      | Killed Natasha
  1695 | D:2      | Reached XP level 5. HP: 16/45 MP: 4/4
  2612 | D:4      | Reached skill level 7 in Axes
  2950 | D:3      | Reached XP level 6. HP: 34/51 MP: 5/5
  3397 | D:4      | Reached skill level 8 in Axes
  3459 | D:4      | Found a bloodstained altar of Trog.
  3519 | D:4      | Found a runed translucent gate.
  3519 | D:4      | Found a runed translucent gate.
  3519 | D:4      | Found a runed translucent gate.
  3525 | D:4      | Noticed IdlyInterested's ghost (amateur DsGl)
  3660 | D:5      | Entered Level 5 of the Dungeon
  3709 | D:5      | Reached skill level 9 in Axes
  4148 | D:5      | Noticed Edmund
  4166 | D:5      | Killed Edmund
  4167 | D:5      | Reached XP level 7. HP: 57/57 MP: 6/6
  4398 | D:5      | Reached skill level 10 in Axes
  4921 | D:5      | Found a white marble altar of Elyvilon.
  5039 | D:6      | Reached skill level 11 in Axes
  5161 | D:6      | Reached XP level 8. HP: 50/64 MP: 7/7
  5452 | D:6      | Found a staircase to the Ecumenical Temple.
  5548 | Temple   | Entered the Ecumenical Temple
  5754 | Temple   | Became a worshipper of Warmaster Okawaru
  6013 | D:6      | Reached skill level 12 in Axes
  6929 | D:7      | Reached skill level 13 in Axes
  6969 | D:7      | Reached * piety under Okawaru
  7053 | D:7      | Found a stormy altar of Qazlal.
  7215 | D:7      | Reached XP level 9. HP: 70/70 MP: 8/8
  7497 | D:8      | Noticed Psyche
  7515 | D:8      | Reached skill level 14 in Axes
  7524 | D:8      | Killed Psyche
  7524 | D:8      | Reached ** piety under Okawaru
  7778 | D:8      | Noticed Pikel
  7809 | D:8      | Reached skill level 15 in Axes
  7833 | D:8      | Killed Pikel
  7833 | D:8      | Reached *** piety under Okawaru
  7850 | D:8      | Reached skill level 16 in Axes
  7858 | D:8      | HP: 3/63 [wight/+1 trident (1)]
  7898 | D:8      | HP: 3/63 [bullfrog (6)]
  7900 | D:8      | Slain by a bullfrog

Illustrated notes

Levels and vault maps discovered:
D:1:      lemuel_arrival_cross, layout_basic, ebering_ecumenical_altar_rust,
          wander_ebering_terrifying_dragon_lair
D:2:      layout_basic, serial_shops, shop, grunt_decor_junction, uniq_natasha
D:3:      layout_rooms, chequers_serial_rivers_small_a
D:4:      layout_cave_pools, lemuel_tele_altar, gammafunk_ghost_necromancy,
          minivault_25, amcnicky_mini_rare_corridor_liquid
D:5:      layout_loops_ring, nicolae_elyvilon_temple_path,
          minmay_misc_feat_rugged, uniq_edmund
D:6:      layout_basic, minmay_temple_entry_statues, minmay_unpleasant_kobolds
D:7:      layout_rooms, kennysheep_mini, serial_bayou_lagoon_a
D:8:      nzn_winding_woodlands_cross [nzn_winding_woodlands_5x15_longhouse,
          nzn_winding_woodlands_5x15_eye,
          nzn_winding_woodlands_5x15_pathside_ponds,
          nzn_winding_woodlands_5x15_pool, nzn_winding_woodlands_15x15_eel_pit],
          layout_loops_corners, uniq_pikel, uniq_psyche
Temple:   eino_temple_scatter_basement

Skill      XL: |  1  2  3  4  5  6  7  8  9 |
---------------+----------------------------+-----
Axes           | 3 4 5 6 7 9 11 13 16 | 16.0
Fighting       | 4 |  4.1
Armour         | |  3.6
Shields        | |  3.6

Action                   |  1- 3 |  4- 6 |  7- 9 || total
-------------------------+-------+-------+-------++-------
Melee: War axe           |    57 |   151 |   268 ||   476
       Headbutt          |     6 |    20 |    44 ||    70
Throw: Dart              |       |       |     7 ||     7
       Javelin           |       |       |     5 ||     5
  Use: Scroll            |       |     8 |     8 ||    16
       Potion            |       |     5 |     1 ||     6
Armor: Scale mail        |    20 |    11 |       ||    31
       Plate armour      |       |    68 |   163 ||   231
       Skin              |       |     3 |     9 ||    12
Dodge: Dodged            |    17 |    38 |    38 ||    93
Block: Kite shield       |    36 |    87 |   126 ||   249

Table legend: (Time is in decaauts)
 A = Elapsed time spent in this place.
 B = Non-inter-level travel time spent in this place.
 C = Inter-level travel time spent in this place.
 D = Time resting spent in this place.
 E = Time spent auto-exploring this place.
 F = Levels seen in this place.
 G = Mean time per level.
                   A        B        C        D        E       F      G
               +--------+--------+--------+--------+--------+-----+--------+
         Total |   8065 |   7765 |    300 |   1552 |   5084 |   9 |  896.1 |
       Dungeon |   7837 |   7581 |    256 |   1552 |   4907 |   8 |  979.6 |
        Temple |    228 |    184 |     44 |      0 |    177 |   1 |  228.0 |
               +--------+--------+--------+--------+--------+-----+--------+

Top non-repeatable levels by time:
     D:5: 1399 daAuts
     D:2: 1234 daAuts
     D:6: 1033 daAuts
     D:3: 1002 daAuts
     D:7: 993 daAuts
     D:1: 900 daAuts
     D:8: 656 daAuts
     D:4: 616 daAuts
  Temple: 228 daAuts
